Construct Section Command Post
Selects Air and Sea Battlegroup
Construct Field Infirmary
Construct Platoon Command Post
6-pounder Anti-tank Gun Team
Selects Commando Section Paradrop
Commando Section Paradrop
Unlock M3 Stuart Light Tanks
Selects M1 Pack Howitzer Paradrop
M1 Pack Howitzer Paradrop
Unlock Bishop Self-propelled Artillery
Selects Incendiary Bombing Run
Bishop Self-propelled Artillery
6-pounder Anti-tank Gun Team